 Dungeon Crawl Stone Soup version 0.26.0-45-g9c1d065592 (webtiles) character file.

Game seed: 3172879724362565125

10646 trckry the Quickloader (level 11, 0/66 HPs)
             Began as a Tengu Hunter on Jan 28, 2021.
             Was an Elder of Okawaru.
             Shot with an arrow by a centaur (6 damage)
             ... on level 11 of the Dungeon on Jan 29, 2021.
             The game lasted 00:41:52 (16687 turns).

trckry the Quickloader (Tengu Hunter)              Turns: 16687, Time: 00:41:52

Health: 0/66       AC: 15    Str: 19    XL:     11   Next: 65%
Magic:  16/16      EV: 10    Int: 12    God:    Okawaru [****..]
Gold:   798        SH:  0    Dex: 14    Spells: 10/10 levels left

rFire    . . .     SeeInvis +   a - +2 hand crossbow
rCold    . . .     Faith    .   (no shield)
rNeg     + . .     Spirit   .   F - +1 plate armour
rPois    .         Reflect  .   (helmet restricted)
rElec    .         Harm     .   i - +0 cloak
rCorr    .         Rampage  .   A - +2 pair of gloves {Str+3}
Will     .....                  (boots unavailable)
Stlth    ..........             (no amulet)
HPRegen  0.21/turn              y - ring of see invisible
MPRegen  0.15/turn              B - ring of positive energy

@: flying quickly and evasively, quick
A: beak, talons 3, able to fly
a: Stop Flying, Renounce Religion, Heroism


You were on level 11 of the Dungeon.
You worshipped Okawaru.
Okawaru was greatly pleased with you.
You visited 2 branches of the dungeon, and saw 12 of its levels.
You also visited: Sewer.

You collected 940 gold pieces.
You spent 142 gold pieces at shops.

Inventory:

Hand Weapons
 a - a +2 hand crossbow (weapon)
 b - a +2 dagger of venom
 l - a +0 vorpal quarterstaff
Missiles
 d - 101 bolts (quivered ammo)
 n - 42 poisoned darts
 u - 2 curare-tipped darts
Armour
 i - a +0 cloak (worn)
 A - a +2 pair of gloves of strength (worn)
 E - +0 swamp dragon scales
 F - a +1 plate armour (worn)
Jewellery
 y - a ring of see invisible (left hand)
 B - a ring of positive energy (right hand)
Wands
 c - a wand of random effects (9)
 e - a wand of enslavement (7)
 j - a wand of acid (4)
 o - a wand of iceblast (7)
 p - a wand of polymorph (5)
 q - a wand of paralysis (7)
Scrolls
 f - 12 scrolls of identify
 g - 5 scrolls of remove curse
 h - 2 scrolls of fear
 s - a scroll of blinking
 v - 3 scrolls of enchant armour
 x - 4 scrolls of fog
 z - 2 scrolls of teleportation
 D - 2 scrolls of immolation
Potions
 k - a potion of haste
 m - 2 potions of lignification
 r - a potion of heal wounds
 t - 3 potions of mutation
 C - 2 potions of brilliance
Miscellaneous
 w - a condenser vane


   Skills:
 + Level 6.7 Fighting
 * Level 9.7 Staves
 * Level 10.9 Crossbows
 + Level 7.3 Dodging
 - Level 1.0 Stealth
 + Level 5.6 Invocations
 + Level 6.3 Evocations


You had 10 spell levels left.
You didn't know any spells.
Your spell library contained the following spells:

 Spells                   Type           Power        Failure   Level
 Confusing Touch          Hex            0%           100%        3
 Gell's Gravitas          Tloc           0%           100%        3
 Petrify                  Tmut/Erth      0%           100%        4
 Metabolic Englaciation   Hex/Ice        0%           100%        5
 Yara's Violent Unravell  Hex/Tmut       0%           100%        5


Dungeon Overview and Level Annotations

Branches:
Dungeon (11/15)            Temple (1/1) D:6            Lair (0/6) D:9
    Orc (0/2) D:9           Sewer (visited)

Altars:
Ashenzari
Cheibriados
Dithmenos
Elyvilon
Fedhas
Gozag
Hepliaklqana
Kikubaaqudgha
Makhleb
Nemelex Xobeh
Okawaru
Qazlal
Ru
Sif Muna
Trog
Uskayaw
Vehumet
Wu Jian
Xom
Yredelemnul
Zin
The Shining One

Shops:
D:5 *   D:10 ?[

Annotations:
D:7 1 runed translucent door, Hehehe's ghost, novice NaCj


Innate Abilities, Weirdness & Mutations

You have a beak for a mouth.
You have claws for feet.
You can fly continuously.


Message History

The bolt hits the boulder beetle but does no damage.
The boulder beetle is severely wounded.
The boulder beetle hits you!!
* * * LOW HITPOINT WARNING * * *
The boulder beetle stops rolling and uncurls.
Evoke which item? (* to show all) (? for menu, Esc to quit)
Aiming: Paralyse
Press: ? - help, Shift-Dir - straight line, f/p - boulder beetle
Aim: a boulder beetle (severely wounded, very poisoned, chance to affect: 48%)
Okay, then.
The big kobold enters a dispersal trap!
The boulder beetle leaps! x2
You blink.
The big kobold blinks!
Found 19 gold pieces.
A centaur comes into view.
The centaur shouts!
You hear a shout!
The centaur wields a cursed -2 shortbow.
The centaur shoots an arrow.
The arrow hits you!
* * * LOW HITPOINT WARNING * * *
The centaur shoots an arrow.
The arrow hits you.
You die...

......§.............
..........○.........
.#####...°##§...##.
#<..°##....#
#..(.##....#
#.(..##..((#
#..........##..
#..............
........@.(...$.
.....###........
###... #........ #.
#........ #
#........ #........
......... ......c..


You could see a centaur.

Vanquished Creatures
  A two-headed ogre (D:10)
  Pikel (D:6)
  An ice statue (D:8)
  5 ice devils (D:8)
  A troll (D:10)
  Prince Ribbit (D:8)
  8 yaks
  A wraith (D:10)
  3 wyverns (D:9)
  A basilisk (D:9)
  Edmund (D:6)
  Menkaure (D:6)
  5 orc warriors
  2 sky beasts
  4 water moccasins
  2 black bears
  A phantom (D:8)
  An ice beast (D:6)
  2 ogres
  3 centaurs
  2 lemures (D:6)
  A big kobold (D:9)
  12 bullfrogs
  2 scorpions
  8 killer bees
  9 wights
  4 howler monkeys
  2 bullfrog zombies (D:7)
  5 hounds
  5 jellies
  5 orc priests
  2 centaur zombies
  2 bullfrog skeletons
  5 orc wizards
  4 iguanas
  7 worker ants
  A hound skeleton (D:4)
  4 gnolls (D:7)
  2 howler monkey skeletons
  11 adders
  10 river rats (D:6)
  3 shadow imps
  A white imp (D:9)
  10 ufetubi
  An ooze (D:5)
  An adder zombie (D:5)
  2 adder skeletons
  3 worms
  2 dart slugs (D:1)
  14 leopard geckos
  46 orcs
  7 bats
  10 giant cockroaches
  8 goblins
  6 hobgoblins
  7 jackals
  17 kobolds
  9 quokkas
  4 ball pythons
  6 frilled lizards
  18 rats
323 creatures vanquished.

Vanquished Creatures (others)
  A bush (D:9)
  8 fungi (D:9)
  19 plants (D:9)
28 creatures vanquished.

Grand Total: 351 creatures vanquished

Notes
Turn   | Place    | Note
-------+----------+-------------------------------------------
     0 | D:1      | trckry the Tengu Hunter began the quest for the Orb.
     0 | D:1      | Reached XP level 1. HP: 12/12 MP: 2/2
   107 | D:1      | Reached XP level 2. HP: 11/17 MP: 3/3
   367 | D:1      | Reached XP level 3. HP: 15/21 MP: 4/4
  1165 | D:2      | Reached skill level 1 in Evocations
  1198 | D:2      | Reached skill level 1 in Invocations
  1297 | D:2      | Reached skill level 5 in Crossbows
  1333 | D:2      | Reached XP level 4. HP: 11/27 MP: 5/5
  1350 | D:2      | HP: 4/27 [poisoned by an adder]
  1357 | D:2      | HP: 3/27 [poisoned by an adder]
  3354 | D:4      | Reached skill level 1 in Staves
  3450 | D:4      | Gained mutation: You can fly continuously. [Tengu growth]
  3450 | D:4      | Reached XP level 5. HP: 19/31 MP: 6/6
  3910 | D:4      | Reached XP level 6. HP: 21/36 MP: 8/8
  4954 | D:5      | Entered Level 5 of the Dungeon
  5111 | D:5      | Found Gozag's Platinum Reserve.
  5119 | D:5      | Found an opulent altar of Gozag.
  5188 | D:5      | Found an ancient bone altar of Kikubaaqudgha.
  5212 | D:5      | Reached skill level 6 in Crossbows
  5276 | D:5      | Reached XP level 7. HP: 25/41 MP: 9/9
  5686 | D:6      | Noticed Maggie
  5689 | D:6      | Noticed Edmund
  5690 | D:6      | HP: 5/41 [Maggie/bolt of fire (36)]
  5994 | D:6      | Found an ancient bone altar of Kikubaaqudgha.
  6006 | D:6      | Noticed Menkaure
  6010 | D:7      | Noticed a yak
  6010 | D:7      | Noticed a yak
  6010 | D:7      | Noticed a yak
  6010 | D:7      | Noticed a yak
  6020 | D:6      | Killed a yak
  6022 | D:6      | HP: 4/41 [Menkaure (10)]
  6033 | D:6      | Killed Menkaure
  6056 | D:6      | Noticed Pikel
  6091 | D:6      | Killed Pikel
  6092 | D:6      | Reached skill level 7 in Crossbows
  6092 | D:6      | Reached XP level 8. HP: 21/48 MP: 9/11
  6145 | D:6      | Noticed Maggie
  6145 | D:6      | Maggie changed into Maggie the worker ant
  6149 | D:6      | Killed Maggie the worker ant
  6172 | D:6      | Found a staircase to the Ecumenical Temple.
  6230 | D:6      | Killed Edmund
  6231 | D:6      | Reached skill level 5 in Staves
  6278 | D:6      | Found a glowing drain.
  6282 | Sewer    | Entered a sewer
  6717 | D:6      | Reached XP level 9. HP: 52/52 MP: 12/12
  6738 | Temple   | Entered the Ecumenical Temple
  6844 | Temple   | Became a worshipper of Warmaster Okawaru
  7417 | D:6      | Reached skill level 8 in Crossbows
  7617 | D:6      | Reached skill level 5 in Dodging
  7859 | D:7      | HP: 6/52 [orc priest/divine providence (9)]
  8643 | D:7      | Reached * piety under Okawaru
  8644 | D:7      | Reached skill level 5 in Fighting
  8997 | D:7      | Found a runed translucent door.
  9034 | D:7      | Reached skill level 9 in Crossbows
  9034 | D:7      | Reached XP level 10. HP: 55/59 MP: 14/14
  9300 | D:7      | Noticed a skeletal warrior
  9301 | D:7      | Noticed Hehehe's ghost (novice NaCj)
  9449 | D:8      | Noticed Prince Ribbit
  9464 | D:8      | Killed Prince Ribbit
 10040 | D:8      | Reached ** piety under Okawaru
 10071 | D:8      | Noticed an ice statue
 10149 | D:8      | Reached skill level 5 in Evocations
 11978 | D:8      | Killed an ice statue
 12370 | D:9      | Found a staircase to the Orcish Mines.
 12803 | D:9      | Reached skill level 10 in Crossbows
 12803 | D:9      | Reached skill level 5 in Invocations
 12883 | D:9      | Reached *** piety under Okawaru
 12899 | D:9      | Reached XP level 11. HP: 40/64 MP: 15/15
 13486 | D:9      | Received a gift from Okawaru
 13629 | D:9      | Found a staircase to the Lair.
 14478 | D:10     | Entered Level 10 of the Dungeon
 14512 | D:10     | Found Vesteff's Antique Armour Boutique.
 14592 | D:10     | Reached **** piety under Okawaru
 14614 | D:10     | Noticed a two-headed ogre
 14711 | D:10     | HP: 8/66 [two-headed ogre/+0 giant spiked club (21)]
 15128 | D:10     | Killed a two-headed ogre
 15660 | D:10     | Found Movaut's Magic Scroll Emporium.
 15668 | D:10     | Bought a scroll of teleportation for 33 gold pieces
 15668 | D:10     | Bought a scroll of teleportation for 33 gold pieces
 15668 | D:10     | Bought a scroll of immolation for 38 gold pieces
 15668 | D:10     | Bought a scroll of immolation for 38 gold pieces
 16297 | D:11     | Noticed a boulder beetle
 16648 | D:11     | Received a gift from Okawaru
 16687 | D:11     | HP: 6/66 [centaur/arrow (7)]
 16687 | D:11     | Shot with an arrow by a centaur

Illustrated notes

Levels and vault maps discovered:
D:1:      dpeg_arrival_lava_altar, layout_loops_ring
D:2:      layout_loops_ring, minmay_unequal
D:3:      layout_basic
D:4:      layout_basic
D:5:      layout_cave_pools, nicolae_overflow_crystal_walls,
          nicolae_gozag_zags_fifth_avenue
D:6:      lemuel_ratsnest, layout_rooms, minmay_temple_entry_stoned_glass,
          basic_altar, gup_sewer_entry_spiral, uniq_maggie, uniq_menkaure,
          uniq_pikel, uniq_edmund
D:7:      layout_rooms, ebering_ghost_inner_flame
D:8:      cheibrodos_frozen_isle, layout_cave_pools, uniq_prince_ribbit1
D:9:      layout_basic, minmay_lair_entry_grove, hiddenorc2_lemuel
D:10:     layout_basic, serial_shops, shop, nicolae_shop_stone
D:11:     layout_small_grid
Temple:   roderic_octagonal_lattice_temple

Skill      XL: |  1  2  3  4  5  6  7  8  9 10 11 |
---------------+----------------------------------+-----
Evocations     | 1 2 3 4 5 6 |  6.3
Invocations    | 1 2 3 4 5 |  5.6
Crossbows      | 5 6 7 9 10 | 10.9
Staves         | 1 2 3 4 5 7 8 9 |  9.7
Dodging        | 3 4 5 6 7 |  7.3
Fighting       | 3 4 5 6 |  6.7
Stealth        | |  1.0

Action                   |  1- 3 |  4- 6 |  7- 9 | 10-12 || total
-------------------------+-------+-------+-------+-------++-------
Melee: Dagger            |    73 |   127 |   125 |   141 ||   466
       Short sword       |     6 |       |       |       ||     6
       Kick              |    17 |    40 |   103 |   105 ||   265
       Peck              |     6 |    21 |    81 |    73 ||   181
       Quarterstaff      |       |     8 |   220 |   189 ||   417
       Unarmed           |       |       |    11 |       ||    11
 Fire: Hand crossbow     |       |       |    31 |   306 ||   337
Throw: Dart              |       |       |       |     1 ||     1
 Abil: Fly               |       |     1 |       |       ||     1
Evoke: Wand              |       |       |    19 |     6 ||    25
  Use: Potion            |       |       |     4 |     8 ||    12
       Scroll            |       |       |     5 |    12 ||    17
 Stab: Sleeping          |     3 |     1 |       |       ||     4
       Paralysed         |       |       |    10 |    10 ||    20
Armor: Leather armour    |    19 |     9 |       |       ||    28
       Scale mail        |       |    18 |    51 |       ||    69
       Skin              |       |       |     1 |       ||     1
       Swamp dragon scal |       |       |    22 |       ||    22
       Plate armour      |       |       |     8 |   193 ||   201
Dodge: Dodged            |    49 |    84 |   243 |   153 ||   529
